 Dungeon Crawl Stone Soup version 0.32-a0-837-g8d3e27d251 (webtiles) character file.

Game seed: 16486329930140564408

226 Essalna the Digger (level 5, 0/39 HPs)
             Began as a Demonspawn Earth Elementalist on Mar 26, 2024.
             Slain by a rat (2 damage)
             ... on level 3 of the Dungeon.
             The game lasted 00:02:47 (1626 turns).

Essalna the Digger (Demonspawn Earth Elementalist)  Turns: 1626, Time: 00:02:48

Health: 0/39       AC:  4    Str:  9    XL:     5   Next: 69%
Magic:  3/9        EV: 10    Int: 17    God:
Gold:   64         SH:  3    Dex: 13    Spells: 9/10 levels left

rFire   . . .        p - +8 demon trident "Rift" {distort, reach+}
rCold   . . .        u - +0 buckler of Sorcery {rPois}
rNeg    + . .        q - +1 robe {rN+}
rPois   +            (no helmet)
rElec   .            (no cloak)
rCorr   .            n - +0 pair of gloves
SInv    .            (no boots)
Will    .....        (no amulet)
Stlth   ++           (no ring)
HPRegen 0.26/turn    (no ring)
MPRegen 0.11/turn

%: no passive effects
@: no status effects
A: hooves 1, foul stench 1
a: no special abilities


You were on level 3 of the Dungeon.
You visited 1 branch of the dungeon, and saw 3 of its levels.

You collected 64 gold pieces.

Inventory:

Hand Weapons
 p - the +8 demon trident "Rift" (weapon) {distort, reach+}
   (You found it on level 2 of the Dungeon)
Armour
 a - a +0 robe
 n - a +0 pair of gloves (worn)
 q - a +1 robe of positive energy (worn)
 u - the +0 buckler of Sorcery (worn) {rPois}
   (You found it on level 2 of the Dungeon)

   rPois:     It protects you from poison.
Magical Staves
 f - a staff of earth
Scrolls
 c - a scroll of fear {unknown}
 e - a scroll of noise {unknown}
 g - a scroll of brand weapon {unknown}
 h - a scroll of immolation {unknown}
 l - a scroll of identify {unknown}
 m - a scroll of enchant armour {unknown}
 r - 3 scrolls of teleportation {unknown}
 s - a scroll of fog {unknown}
 t - a scroll of revelation {unknown}
Potions
 b - a potion of magic
 d - 2 potions of experience {unknown}
 i - a potion of ambrosia {unknown}
 j - 2 potions of curing {unknown}
 k - a potion of might {unknown}
 o - a potion of degeneration {unknown}


   Skills:
 + Level 2.5 Fighting
 - Level 1.7 Dodging
 - Level 1.7 Stealth
 + Level 3.2 Spellcasting
 + Level 2.8 Conjurations
 + Level 3.7 Earth Magic


You had 9 spell levels left.
You knew the following spells:

 Your Spells              Type           Power      Damage    Failure   Level
a - Sandblast             Erth           30%        2d9       6%          1

Your spell library contained the following spells:

 Spells                   Type           Power      Damage    Failure   Level
 Magic Dart               Conj           48%        1d5       9%          1
 Passwall                 Erth           15%        N/A       17%         3
 Stone Arrow              Conj/Erth      28%        3d8       21%         3
 Blink                    Tloc           4%         N/A       38%         2
 Call Imp                 Summ           4%         N/A       38%         2
 Dazzling Flash           Conj/Hex       14%        N/A       41%         3
 Brom's Barrelling Bould  Conj/Erth      14%        2d4       56%         4
 Petrify                  Alch/Erth      9%         N/A       77%         4
 Starburst                Conj/Fire      3%         6d3       100%        6
 Maxwell's Capacitive Co  Air            1%         ∞         100%        8


Dungeon Overview and Level Annotations

Branches:
Dungeon (3/15)

Altars:


Innate Abilities, Weirdness & Mutations

You have large cloven feet.
You may rarely emit foul miasma when damaged in melee.


Message History

g - Guard the area. f - Follow me.
Anything else - Cancel.
You shout for attention!
The endoplasm quivers.
You hear a loud squeak. x2
The endoplasm freezes you.
You are frozen.
* * * LOW HITPOINT WARNING * * *
The endoplasm freezes you.
You are frozen.
* * * LOW HITPOINT WARNING * * *
The endoplasm barely misses you. The endoplasm hits you.
* * * LOW HITPOINT WARNING * * *
The endoplasm misses you. The endoplasm freezes you.
You are frozen.
* * * LOW HITPOINT WARNING * * *
A rat comes into view.
A rat comes into view.
The endoplasm freezes you.
You are frozen.
* * * LOW HITPOINT WARNING * * *
The endoplasm completely misses you. The endoplasm hits you.
* * * LOW HITPOINT WARNING * * *
The endoplasm completely misses you. The rat closely misses you.
The endoplasm hits you but does no damage.
The rat bites you but does no damage. The endoplasm closely misses you.
The rat misses you. The endoplasm freezes you.
You are frozen.
* * * LOW HITPOINT WARNING * * *
The rat misses you. The endoplasm barely misses you. The endoplasm freezes you.
You are frozen.
* * * LOW HITPOINT WARNING * * *
The rat bites you.
You die...

.....##.# ..
........#.# .# .#.
.........#.##.# ##..
..............# ...
.........#....##...
#.......#....... .#
##.#.........####.#
..........)....@J.###
.....#.....####.r...#
..........## #.###.#
..#...<..#####.### ..
#.....##.......# .
########.......#
#...)...# #.......#
#>......#


You could see an endoplasm and a rat.

Vanquished Creatures
  Sigmund (D:3)
  Natasha (D:2)
  2 adders (D:2)
  4 endoplasms
  2 giant cockroaches (D:2)
  2 goblins (D:2)
  A hobgoblin (D:3)
  A quokka (D:1)
  7 ball pythons
  3 bats
  4 kobolds
28 creatures vanquished.

Notes
Turn   | Place    | Note
-------+----------+-------------------------------------------
     0 | D:1      | Essalna the Demonspawn Earth Elementalist began the quest
                  | for the Orb.
     0 | D:1      | Reached XP level 1. HP: 13/13 MP: 3/3
   141 | D:1      | Found a faded altar of an unknown god.
   141 | D:1      | Noticed a soul eater
   305 | D:1      | Gained mutation: You may rarely emit foul miasma when
                  | damaged in melee. [demonic ancestry]
   305 | D:1      | Reached XP level 2. HP: 20/20 MP: 0/5
   691 | D:1      | You fall into a shaft and drop 1 floor!
   741 | D:2      | Reached skill level 1 in Fighting
   829 | D:2      | Found the +8 demon trident "Rift" {distort, reach+}
   836 | D:2      | Reached XP level 3. HP: 26/26 MP: 2/6
   895 | D:2      | Found Wesig's Book Shop.
  1259 | D:2      | Identified the +0 buckler of Sorcery {rPois}
  1433 | D:2      | Noticed Natasha
  1466 | D:2      | Killed Natasha
  1467 | D:2      | Reached XP level 4. HP: 22/32 MP: 1/7
  1582 | D:3      | Noticed Sigmund
  1601 | D:3      | Killed Sigmund
  1602 | D:3      | Gained mutation: You have large cloven feet. [demonic
                  | ancestry]
  1602 | D:3      | Reached XP level 5. HP: 10/39 MP: 0/9
  1626 | D:3      | Slain by a rat

Illustrated notes

Levels and vault maps discovered:
D:1:      giann_horns, layout_loops_ring,
          dreamdust_ecumenical_altar_sealed_demon, minmay_tromino_v4_b
D:2:      layout_basic, serial_shops, shop, uniq_natasha
D:3:      lemuel_castle_with_subvaults [lemuel_castle_interior_carwin_3],
          layout_rooms, minmay_ogre_servants, uniq_sigmund

Skill      XL: |  1  2  3  4 |
---------------+-------------+-----
Fighting       | 1 2 |  2.5
Earth Magic    | 3 |  3.7
Conjurations   | 2 |  2.8
Spellcasting   | 3 |  3.2
Dodging        | |  1.7
Stealth        | |  1.7

Action                     |  1- 3 |  4- 6 || total
---------------------------+-------+-------++-------
  Melee: Staff             |     6 |       ||     6
         Demon trident     |    10 |     5 ||    15
   Cast: Sandblast         |    26 |     9 ||    35
   Stab: Sleeping          |     1 |     1 ||     2
 Armour: Robe              |    32 |    12 ||    44
  Dodge: Dodged            |    14 |    12 ||    26

Table legend: (Time is in decaauts)
 A = Elapsed time spent in this place.
 B = Non-inter-level travel time spent in this place.
 C = Inter-level travel time spent in this place.
 D = Time resting spent in this place.
 E = Time spent auto-exploring this place.
 F = Levels seen in this place.
 G = Mean time per level.
                   A        B        C        D        E       F      G
               +--------+--------+--------+--------+--------+-----+--------+
         Total |   1648 |   1585 |     63 |      0 |   1322 |   3 |  549.3 |
       Dungeon |   1648 |   1585 |     63 |      0 |   1322 |   3 |  549.3 |
               +--------+--------+--------+--------+--------+-----+--------+

Top non-repeatable levels by time:
     D:2: 886 daAuts
     D:1: 698 daAuts
     D:3: 63 daAuts
